ITL
INDIANA HOUNDS @ PORTLAND PRIVATEERS
07/16/2030
 
TOP OF THE 1ST
Indiana Hounds batting - Pitching for Portland Privateers : RHP Ray McIntyre
Pitching: RHP Ray McIntyre
Batting: RHB Octávio Zúñiga 0-0: Fly out, F7 (Flyball, 7LS)
Batting: RHB Remi Eruzione 0-0: Called Strike
0-1: Ball
1-1: Ball
2-1: Swinging Strike
2-2: Fly out, F8 (Flyball, 8LD)
Batting: RHB Marlon Hernández 0-0: Fly out, F7 (Flyball, 78M)
Top of the 1st over - 0 runs, 0 hits, 0 errors, 0 left on base; Indiana 0 - Portland 0
BOTTOM OF THE 1ST
Portland Privateers batting - Pitching for Indiana Hounds : LHP León Hernández
Pitching: LHP León Hernández
Batting: RHB Carlos Castro 0-0: Ball
1-0: SINGLE (Groundball, 4MD)
Batting: LHB Yasuhiko Onodera 0-0: Called Strike
0-1: Swinging Strike
0-2: Ball
1-2: Fly out, F4 (Popup, 4D)
Batting: SHB Jacob Knapp 0-0: Called Strike
0-1: Fly out, F9 (Flyball, 9S)
Batting: RHB José Balina 0-0: Ball
1-0: Fly out, F9 (Flyball, 9LSF)
Bottom of the 1st over - 0 runs, 1 hit, 0 errors, 1 left on base; Indiana 0 - Portland 0
TOP OF THE 2ND
Indiana Hounds batting - Pitching for Portland Privateers : RHP Ray McIntyre
Batting: LHB Juan Vásquez 0-0: Called Strike
0-1: Ball
1-1: Foul Ball, location: 2F
1-2: Ball
2-2: Ball
3-2: Strikes out swinging
Batting: RHB Jeff Jones 0-0: Swinging Strike
0-1: Called Strike
0-2: Foul Ball, location: 2F
0-2: Foul Ball, location: 2F
0-2: Foul Ball, location: 2F
0-2: Foul Ball, location: 2F
0-2: Ball
1-2: Strikes out swinging
Batting: RHB Roberto Cardona 0-0: Ball
1-0: Called Strike
1-1: Foul Ball, location: 2F
1-2: Foul Ball, location: 2F
1-2: Foul Ball, location: 2F
1-2: SINGLE (Groundball, 4D)
Batting: RHB Bob Lazzeri 0-0: Fly out, F8 (Flyball, 8RM)
Top of the 2nd over - 0 runs, 1 hit, 0 errors, 1 left on base; Indiana 0 - Portland 0
BOTTOM OF THE 2ND
Portland Privateers batting - Pitching for Indiana Hounds : LHP León Hernández
Batting: LHB Dillon Beck 0-0: Foul Ball, location: 2F
0-1: Ball
1-1: Ground out 4-3 (Groundball, 34)
Batting: SHB Cory Campbell 0-0: Ball
1-0: Ball
2-0: Ball
3-0: Called Strike
3-1: Base on Balls
Batting: SHB Rodney Birling 0-0: Ball
1-0: Ball
2-0: Foul Ball, location: 2F
2-1: Swinging Strike
2-2: Strikes out swinging
Batting: SHB José Espinoza 0-0: Ball
1-0: Ball
2-0: Foul Ball, location: 2F
2-1: Ball
3-1: Base on Balls
Cory Campbell to second
Batting: SHB Luis Manuel López 0-0: Foul Ball, location: 2F
0-1: Swinging Strike
0-2: Strikes out looking
Bottom of the 2nd over - 0 runs, 0 hits, 0 errors, 2 left on base; Indiana 0 - Portland 0
TOP OF THE 3RD
Indiana Hounds batting - Pitching for Portland Privateers : RHP Ray McIntyre
Batting: RHB Anastasio Movonda 0-0: Ball
1-0: Ball
2-0: Swinging Strike
2-1: Fly out, F8 (Flyball, 8LXD)
Batting: RHB Manuel Alonso 0-0: Ground out U3 (Groundball, 34S)
Batting: RHB Octávio Zúñiga 0-0: Foul Ball, location: 2F
0-1: Foul Ball, location: 2F
0-2: Ball
1-2: Ball
2-2: Ball
3-2: Foul Ball, location: 2F
3-2: Foul Ball, location: 2F
3-2: Foul Ball, location: 2F
3-2: Ground out 6-3 (Groundball, 6)
Top of the 3rd over - 0 runs, 0 hits, 0 errors, 0 left on base; Indiana 0 - Portland 0
BOTTOM OF THE 3RD
Portland Privateers batting - Pitching for Indiana Hounds : LHP León Hernández
Batting: RHB Carlos Castro 0-0: Ball
1-0: Foul Ball, location: 2F
1-1: SINGLE (Line Drive, 89S)
Batting: LHB Yasuhiko Onodera 0-0: Grounds into double play, 6-4-3 (Groundball, 6)
Batting: SHB Jacob Knapp 0-0: Foul Ball, location: 2F
0-1: Ball
1-1: Ball
2-1: Ball
3-1: Base on Balls
Batting: RHB José Balina 0-0: Ball
1-0: Swinging Strike
1-1: Foul Ball, location: 2F
1-2: Ball
2-2: Strikes out looking
Bottom of the 3rd over - 0 runs, 1 hit, 0 errors, 1 left on base; Indiana 0 - Portland 0
TOP OF THE 4TH
Indiana Hounds batting - Pitching for Portland Privateers : RHP Ray McIntyre
Batting: RHB Remi Eruzione 0-0: Called Strike
0-1: Ball
1-1: Ball
2-1: Swinging Strike
2-2: Ball
3-2: DOUBLE (Flyball, 78D)
Batting: RHB Marlon Hernández 0-0: Ground out 4-3 (Groundball, 4)
Remi Eruzione to third
Batting: LHB Juan Vásquez 0-0: Ball
1-0: Ball
2-0: Fly out, F4 (Line Drive, 4M)
Batting: RHB Jeff Jones 0-0: Fly out, F9 (Flyball, 9)
Top of the 4th over - 0 runs, 1 hit, 0 errors, 1 left on base; Indiana 0 - Portland 0
BOTTOM OF THE 4TH
Portland Privateers batting - Pitching for Indiana Hounds : LHP León Hernández
Batting: LHB Dillon Beck 0-0: Swinging Strike
0-1: Ball
1-1: Ball
2-1: Ball
3-1: Fly out, F8 (Flyball, 8RD)
Batting: SHB Cory Campbell 0-0: Called Strike
0-1: Foul Ball, location: 2F
0-2: Ball
1-2: Strikes out swinging, 2-3 out at first.
Batting: SHB Rodney Birling 0-0: Ground out 4-3 (Groundball, 4S)
Bottom of the 4th over - 0 runs, 0 hits, 0 errors, 0 left on base; Indiana 0 - Portland 0
TOP OF THE 5TH
Indiana Hounds batting - Pitching for Portland Privateers : RHP Ray McIntyre
Batting: RHB Roberto Cardona 0-0: Swinging Strike
0-1: Called Strike
0-2: Strikes out swinging
Batting: RHB Bob Lazzeri 0-0: SINGLE (Groundball, 34D)
Batting: RHB Anastasio Movonda 0-0: Called Strike
0-1: Foul Ball, location: 2F
0-2: Ball
1-2: Foul Ball, location: 2F
1-2: Ball
2-2: SINGLE (Groundball, 56D)
Bob Lazzeri to second
Batting: RHB Manuel Alonso 0-0: Ball
1-0: Called Strike
1-1: Foul Ball, location: 2F
1-2: Ball
2-2: Ground out 5-3 (Groundball, 56S)
Bob Lazzeri to third
Anastasio Movonda to second
Batting: RHB Octávio Zúñiga 0-0: Ball
1-0: Ball
2-0: Ball
3-0: Called Strike
3-1: Base on Balls
Pitching: RHP Gabe Lewis
Batting: RHB Remi Eruzione 0-0: Fielders Choice at 2nd, 6-4 (Groundball, 6)
Top of the 5th over - 0 runs, 2 hits, 0 errors, 3 left on base; Indiana 0 - Portland 0
BOTTOM OF THE 5TH
Portland Privateers batting - Pitching for Indiana Hounds : LHP León Hernández
Batting: SHB José Espinoza 0-0: Fly out, F8 (Flyball, 8LM)
Batting: SHB Luis Manuel López 0-0: Called Strike
0-1: Ball
1-1: Ball
2-1: Fly out, F6 (Popup, 6MD)
Batting: RHB Carlos Castro 0-0: Foul Ball, location: 2F
0-1: Ball
1-1: Called Strike
1-2: Strikes out swinging
Bottom of the 5th over - 0 runs, 0 hits, 0 errors, 0 left on base; Indiana 0 - Portland 0
TOP OF THE 6TH
Indiana Hounds batting - Pitching for Portland Privateers : RHP Gabe Lewis
Batting: RHB Marlon Hernández 0-0: Swinging Strike
0-1: Called Strike
0-2: Ball
1-2: Strikes out swinging
Batting: LHB Juan Vásquez 0-0: Called Strike
0-1: Called Strike
0-2: Ball
1-2: Ground out 4-3 (Groundball, 34)
Batting: RHB Jeff Jones 0-0: Ball
1-0: Ball
2-0: Called Strike
2-1: Ball
3-1: Swinging Strike
3-2: Foul Ball, location: 2F
3-2: Strikes out looking
Top of the 6th over - 0 runs, 0 hits, 0 errors, 0 left on base; Indiana 0 - Portland 0
BOTTOM OF THE 6TH
Portland Privateers batting - Pitching for Indiana Hounds : LHP León Hernández
Batting: LHB Yasuhiko Onodera 0-0: Fly out, F6 (Popup, 6)
Batting: SHB Jacob Knapp 0-0: Called Strike
0-1: Swinging Strike
0-2: Ball
1-2: Foul Ball, location: 2F
1-2: Foul Ball, location: 2F
1-2: Ball
2-2: Foul Ball, location: 2F
2-2: Ball
3-2: Base on Balls
Batting: RHB José Balina 0-0: Ball
1-0: Ball
2-0: 2-RUN HOME RUN (Flyball, 9D), Distance : 365 ft
Batting: LHB Dillon Beck 0-0: Foul Ball, location: 2F
0-1: Ball
1-1: Swinging Strike
1-2: Ground out 4-3 (Groundball, 4)
Batting: SHB Cory Campbell 0-0: Foul Ball, location: 2F
0-1: Foul Ball, location: 2F
0-2: Ball
1-2: Fly out, F9 (Flyball, 9D)
Bottom of the 6th over - 2 runs, 1 hit, 0 errors, 0 left on base; Indiana 0 - Portland 2
TOP OF THE 7TH
Indiana Hounds batting - Pitching for Portland Privateers : RHP Gabe Lewis
Batting: RHB Roberto Cardona 0-0: Ball
1-0: Swinging Strike
1-1: Ball
2-1: Ball
3-1: Called Strike
3-2: Foul Ball, location: 2F
3-2: Base on Balls
Batting: RHB Bob Lazzeri 0-0: Ball
1-0: Ball
2-0: Ball
3-0: Called Strike
3-1: Sac Bunt - play at first, batter OUT! 2-3
Roberto Cardona to second
Batting: RHB Anastasio Movonda 0-0: Called Strike
0-1: Swinging Strike
0-2: Foul Ball, location: 2F
0-2: Fly out, F9 (Flyball, 9S)
Batting: RHB Manuel Alonso 0-0: Ball
1-0: Foul Ball, location: 2F
1-1: Ball
2-1: Ball
3-1: Base on Balls
Batting: RHB Octávio Zúñiga 0-0: Called Strike
0-1: Swinging Strike
0-2: Ball
1-2: Strikes out swinging
Top of the 7th over - 0 runs, 0 hits, 0 errors, 2 left on base; Indiana 0 - Portland 2
BOTTOM OF THE 7TH
Portland Privateers batting - Pitching for Indiana Hounds : LHP León Hernández
Batting: SHB Rodney Birling 0-0: Foul Ball, location: 2F
0-1: DOUBLE (Line Drive, 78M)
Batting: SHB José Espinoza 0-0: Intentional Walk
Batting: SHB Luis Manuel López 0-0: Ball
1-0: Bunted foul
1-1: Ball
2-1: Bunt missed!
2-2: Foul Ball, location: 2F
2-2: Ball
3-2: Foul Ball, location: 2F
3-2: Fly out, F9 (Flyball, 89D)
Runner from 2nd tags up, SAFE at 3rd, no throw
Pitching: RHP Gary Johnson
Batting: RHB Carlos Castro 0-0: Called Strike
0-1: 3-RUN HOME RUN (Flyball, 7LD), Distance : 337 ft
Batting: LHB Yasuhiko Onodera 0-0: Foul Ball, location: 2F
0-1: Ball
1-1: Foul Ball, location: 2F
1-2: Ball
2-2: Foul Ball, location: 2F
2-2: SINGLE (Groundball, 6D)
Batting: SHB Jacob Knapp 0-0: Called Strike
0-1: Ball
1-1: Ball
2-1: Foul Ball, location: 2F
2-2: Foul Ball, location: 2F
2-2: Foul Ball, location: 2F
2-2: Foul Ball, location: 2F
2-2: Strikes out swinging
Batting: RHB José Balina 0-0: Called Strike
0-1: Ball
1-1: Foul Ball, location: 2F
1-2: Foul Ball, location: 2F
1-2: Ball
2-2: Ball
3-2: Base on Balls
Yasuhiko Onodera to second
Batting: LHB Dillon Beck 0-0: Ball
1-0: Called Strike
1-1: Foul Ball, location: 2F
1-2: Strikes out looking
Bottom of the 7th over - 3 runs, 3 hits, 0 errors, 2 left on base; Indiana 0 - Portland 5
TOP OF THE 8TH
Indiana Hounds batting - Pitching for Portland Privateers : RHP Gabe Lewis
Batting: RHB Remi Eruzione 0-0: Ball
1-0: Ball
2-0: Foul Ball, location: 2F
2-1: Fly out, F7 (Flyball, 7LM)
Batting: RHB Marlon Hernández 0-0: Ball
1-0: Fly out, F7 (Flyball, 7D)
Batting: LHB Juan Vásquez 0-0: Called Strike
0-1: SINGLE (Line Drive, 9LS)
Batting: RHB Jeff Jones 0-0: Ball
1-0: Called Strike
1-1: Ball
2-1: SINGLE (Flyball, 78S)
Juan Vásquez to second
Batting: RHB Roberto Cardona 0-0: Called Strike
0-1: Hit by Pitch
Juan Vásquez to third
Jeff Jones to second
Batting: RHB Bob Lazzeri 0-0: Ground out 6-3 (Groundball, 6S)
Top of the 8th over - 0 runs, 2 hits, 0 errors, 3 left on base; Indiana 0 - Portland 5
BOTTOM OF THE 8TH
Portland Privateers batting - Pitching for Indiana Hounds : RHP Gary Johnson
Batting: SHB Cory Campbell 0-0: Called Strike
0-1: Ground out 1-3 (Groundball, 13S)
Batting: SHB Rodney Birling 0-0: Ball
1-0: Ground out 1-3 (Groundball, 13S)
Batting: SHB José Espinoza 0-0: Ball
1-0: Called Strike
1-1: Ball
2-1: Ball
3-1: Called Strike
3-2: Base on Balls
Batting: SHB Luis Manuel López 0-0: Called Strike
0-1: Ball
1-1: Called Strike
José Espinoza steals 2nd base
1-2: Strikes out swinging
Bottom of the 8th over - 0 runs, 0 hits, 0 errors, 1 left on base; Indiana 0 - Portland 5
TOP OF THE 9TH
Indiana Hounds batting - Pitching for Portland Privateers : RHP Gabe Lewis
Batting: RHB Anastasio Movonda 0-0: Called Strike
0-1: Ball
1-1: SOLO HOME RUN (Flyball, 7LD), Distance : 338 ft
Batting: RHB Manuel Alonso 0-0: Called Strike
0-1: Foul Ball, location: 2F
0-2: Foul Ball, location: 2F
0-2: Ball
1-2: Ball
2-2: Strikes out swinging
Batting: RHB Octávio Zúñiga 0-0: Ball
1-0: Called Strike
1-1: Foul Ball, location: 2F
1-2: Ball
2-2: Ball
3-2: Ground out 5-3 (Groundball, 5)
Batting: RHB Remi Eruzione 0-0: Ball
1-0: Foul Ball, location: 2F
1-1: Ball
2-1: Fly out, F5 (Line Drive, 56S)
Top of the 9th over - 1 run, 1 hit, 0 errors, 0 left on base; Indiana 1 - Portland 5
Saturday, April 7th, 2018 - OOTP Baseball 18.8 Build 76